Map: Emerald City LE

Players

Massa

  • Race: Terran Terran
  • Spawn Location: 11:00

qqq

  • Race: Protoss Protoss
  • Spawn Location: 11:00

SeeD - Winner!

  • Race: Zerg Zerg
  • League: Master
  • Spawn Location: 5:00

KaltenCPN - Winner!

  • Race: Terran Terran
  • League: Silver
  • Spawn Location: 5:00

VOD

Have the link to the VOD?

Description

Time

  • Played on: June 19, 2020, 5:09 p.m.
  • Length: 19:28
Show
View Real Time Build Order
Export as new Build Order

Massa Terran 

Build Orders:  

Get SALT Encoding   

  12  0:04  SCV  
  13  0:17  Supply Depot  
  13  0:18  SCV  
  14  0:30  SCV  
  15  0:41  Barracks  
  15  0:42  SCV  
  16  0:54  SCV  
  17  1:06  SCV  
  18  1:18  SCV  
  19  1:36  Refinery  
  19  1:38  Refinery  
  19  1:39  Orbital Command, Command Center  
  19  1:50  Marine  
  20  2:04  SCV  
  20  2:07  Marine  
  22  2:16  SCV  
  23  2:32  Supply Depot  
  23  2:34  Supply Depot  
  23  2:36  Supply Depot  
  23  2:45  Barracks  
  23  2:51  SCV, Marine  
  25  3:03  SCV  
  26  3:08  Marine  
  27  3:13  SCV  
  27  3:15  SCV  
  29  3:20  Factory  
  29  3:25  SCV  
  29  3:26  Marine  
  31  3:27  SCV  
  32  3:37  SCV  
  33  3:44  Marine  
  33  3:47  Marine  
  35  3:53  SCV  
  36  4:02  Marine  
  37  4:05  SCV, Marine  
  39  4:10  Factory Tech Lab  
  39  4:15  Command Center  
  39  4:19  Barracks  
  39  4:20  Marine  
  39  4:23  Marine  
  41  4:27  Engineering Bay  
  41  4:29  Engineering Bay  
  41  4:34  Supply Depot  
  41  4:37  Supply Depot  
  41  4:38  SCV  
  43  4:44  Orbital Command  
  42  4:47  Siege Tank  
  42  4:50  SCV  
  46  5:00  Missile Turret  
  46  5:02  SCV  
  46  5:03  Missile Turret  
  46  5:06  Terran Infantry Weapons Level 1  
  47  5:13  Missile Turret  
  47  5:19  Siege Tank  
  50  5:27  Marine x2  
  52  5:38  Barracks Tech Lab  
  51  5:45  Marine x2  
  50  6:02  Marine  
  51  6:07  Barracks Tech Lab  
  51  6:09  Stimpack  
  51  6:11  Marauder  
  53  6:20  Marine  
  53  6:23  SCV x2  
  56  6:26  Sensor Tower  
  56  6:31  Marauder  
  54  6:33  Marauder  
  54  6:35  SCV x2  
  54  6:38  Marine  
  56  6:47  SCV x2  
  56  6:52  Marauder  
  60  6:54  Marauder  
  60  6:56  Marine  
  60  6:59  Concussive Shells  
  63  7:05  Siege Tank  
  66  7:11  Barracks  
  66  7:14  SCV x2, Marauder  
  73  7:15  Refinery  
  73  7:16  Marauder, Planetary Fortress  
  73  7:26  SCV x2  
  75  7:35  Marauder  
  75  7:36  Marine  
  77  7:37  Siege Tank  
  77  7:38  SCV x2  
  77  7:41  Terran Infantry Armor Level 1  
  77  7:42  Barracks Reactor  
  82  7:46  Armory  
  82  7:48  Combat Shield  
  82  7:50  SCV  
  82  7:51  SCV  
  84  7:53  Refinery, SCV  
  84  7:55  Marauder  
  84  7:57  Marauder  
  89  8:02  SCV  
  89  8:03  SCV  
  91  8:05  SCV  
  92  8:14  SCV  
  93  8:23  Command Center  
  93  8:25  Supply Depot  
  93  8:26  Supply Depot x2  
  93  8:27  Supply Depot x2  
  93  8:28  Supply Depot  
  93  8:35  Barracks Reactor  
  93  8:47  SCV x3, Marauder, Terran Infantry Weapons Level 2, Marine, Thor  
  105  8:54  Marine  
  105  8:55  Marine  
  107  8:59  SCV x3  
  110  9:05  Marauder  
  110  9:08  Starport  
  110  9:09  Marauder  
  114  9:12  Marine  
  114  9:13  Marine  
  116  9:26  Marauder  
  116  9:30  Marauder, Marine x2  
  91  9:40  Marine x2  
  83  9:46  Thor  
  83  9:48  Marauder, Marine x2  
  83  9:51  Marauder  
  91  9:57  Marine  
  91  9:58  Marine  
  89  10:06  Marine x2  
  83  10:09  Marauder  
  83  10:13  Marauder  
  79  10:15  Marine  
  79  10:16  Marine  
  79  10:23  Marine  
  79  10:24  Marine  
  72  10:31  Marauder  
  72  10:33  Marine x2  
  72  10:34  Marauder  
  78  10:39  Barracks  
  78  10:41  Marine  
  78  10:42  Marine  
  78  10:43  Barracks  
  78  10:44  Thor  
  84  10:51  Marine  
  84  10:52  Marauder  
  84  10:56  Marauder  
  89  11:00  Refinery  
  79  11:13  Marauder  
  79  11:17  Marauder  
  71  11:21  Marine  
  71  11:22  Marine x3  
  69  11:26  Thor  
  62  11:33  Medivac  
  62  11:35  Marauder  
  62  11:36  Factory  
  62  11:38  Marauder, Factory  
  62  11:39  Marine x4  
  55  11:56  Marauder  
  55  11:57  Marine x4  
  55  12:00  Marauder  
  63  12:03  Medivac  
  63  12:15  Marine x4  
  58  12:18  Marauder  
  58  12:21  Marauder  
  63  12:24  Factory Tech Lab x2, Barracks  
  63  12:25  Barracks  
  62  12:32  Marine  
  62  12:33  Marine x3  
  66  12:39  Marauder  
  66  12:40  Thor  
  66  12:42  Marauder  
  76  12:50  Marine  
  76  12:51  Marine x3  
  80  13:00  Barracks Tech Lab, Marauder  
  80  13:03  Siege Tank  
  80  13:04  Marauder  
  87  13:08  Marine  
  87  13:12  Command Center  
  88  13:20  Thor  
  88  13:22  Marauder  
  88  13:23  Siege Tank  
  88  13:25  Marauder  
  66  13:43  Marauder  
  66  13:47  Marauder  
  58  14:04  Marauder  
  58  14:08  Marauder  
  62  14:18  SCV x2  
  64  14:26  Marauder  
  64  14:29  Marauder, Planetary Fortress  
  64  14:30  SCV  
  69  14:38  Sensor Tower  
  69  14:45  Siege Tank  
  72  14:47  Marauder  
  72  14:51  Marauder  
  76  14:54  Terran Infantry Armor Level 2  
  76  15:09  Marauder  
  76  15:12  Marauder  
  80  15:16  Barracks Reactor  
  80  15:18  Marauder, Marine  
  80  15:19  Thor  
  80  15:21  Siege Tank  
  92  15:30  Marauder  
  92  15:34  Marauder  
  96  15:39  Marauder  
  96  16:00  Marauder x3  
  96  16:01  Marine x3  
  96  16:02  Marine  
  62  16:19  Marine x4  
  62  16:21  Marauder x2  
  62  16:22  Marauder  
  55  16:31  Siege Tank x3  
  59  16:42  Marauder  
  59  16:43  Marauder x2  
  65  17:03  Siege Tank  
  65  17:04  Marauder x2  
  65  17:05  Marauder  
  74  17:24  Orbital Command  
  68  18:18  SCV x2  
  68  18:19  Marauder x3  
  76  18:24  Command Center  
  76  18:30  SCV x2  
  73  18:41  Marauder x3  
  72  18:42  SCV x2  
  73  18:54  SCV  
  73  19:02  Marauder  
Show
View Real Time Build Order
Export as new Build Order

qqq Protoss 

Build Orders: Carriers 

Get SALT Encoding   

  12  0:09  Probe  
  13  0:20  Pylon  
  13  0:28  Probe  
  14  0:51  Gateway  
  14  0:54  Pylon  
  14  0:58  Pylon  
  14  1:06  Forge  
  14  1:14  Probe  
  15  1:26  Probe  
  16  1:38  Probe  
  17  1:45  Cybernetics Core  
  17  1:51  Probe  
  18  2:04  Photon Cannon  
  18  2:05  Assimilator  
  18  2:07  Assimilator  
  18  2:09  Photon Cannon  
  18  2:20  Pylon  
  18  2:50  Probe  
  19  2:56  Nexus  
  19  3:02  Probe  
  20  3:14  Probe  
  20  3:15  Stalker  
  21  3:21  Pylon  
  21  3:26  Probe  
  24  3:38  Probe  
  24  3:40  Photon Cannon  
  25  3:47  Pylon  
  25  4:01  Photon Cannon  
  25  4:08  Stargate  
  25  4:12  Stargate  
  25  4:16  Probe  
  26  4:28  Probe  
  27  4:40  Probe  
  28  4:45  Phoenix  
  28  4:48  Probe  
  29  4:57  Probe, Phoenix  
  34  5:09  Probe  
  34  5:14  Protoss Air Weapons Level 1  
  35  5:15  Assimilator  
  35  5:19  Assimilator  
  35  5:21  Probe  
  36  5:33  Probe  
  36  5:35  Phoenix  
  41  5:37  Void Ray  
  41  5:45  Probe  
  42  5:58  Probe  
  42  6:00  Phoenix, Pylon  
  42  6:01  Pylon  
  45  6:11  Probe  
  46  6:23  Probe, Phoenix  
  47  6:35  Probe  
  48  6:42  Phoenix  
  48  6:46  Probe  
  51  6:54  Probe  
  51  7:00  Phoenix  
  54  7:02  Probe  
  55  7:13  Probe  
  56  7:24  Phoenix, Void Ray  
  62  8:01  Probe, Phoenix  
  57  8:07  Phoenix, Nexus  
  57  8:13  Probe  
  58  8:20  Pylon  
  58  8:25  Probe  
  58  8:26  Phoenix  
  59  8:32  Phoenix  
  61  8:37  Probe  
  61  8:39  Pylon  
  61  8:40  Pylon  
  62  8:43  Pylon  
  62  8:50  Probe  
  62  8:51  Phoenix  
  65  9:01  Nexus  
  65  9:02  Probe, Fleet Beacon  
  62  9:14  Probe  
  60  9:52  Anion Pulse-Crystals  
  60  9:55  Phoenix x2  
  60  9:58  Probe  
  65  10:10  Probe  
  64  10:20  Phoenix  
  64  10:21  Carrier  
  70  10:22  Probe  
  71  10:34  Probe  
  72  10:38  Probe  
  73  10:46  Probe, Carrier  
  80  10:50  Probe, Stargate  
  81  10:58  Probe  
  81  11:02  Probe  
  82  11:25  Carrier  
  88  11:30  Probe x2  
  88  11:42  Probe x2  
  90  11:50  Carrier  
  94  11:54  Probe x2  
  96  12:06  Probe x2  
  96  12:10  Pylon  
  96  12:12  Carrier, Pylon  
  96  12:14  Pylon  
  95  12:17  Pylon  
  95  12:18  Probe  
  93  12:30  Probe, Carrier  
  100  12:37  Nexus  
  100  12:38  Pylon  
  100  12:41  Pylon  
  100  12:50  Pylon  
  92  12:54  Oracle  
  94  13:07  Probe  
  94  13:08  Forge  
  94  13:10  Assimilator  
  95  13:15  Assimilator  
  95  13:16  Oracle  
  95  13:19  Probe  
  99  13:26  Nexus  
  93  13:31  Probe, Oracle  
  89  13:43  Probe  
  65  13:57  Carrier x2  
  75  14:15  Photon Cannon  
  74  14:17  Photon Cannon  
  74  14:19  Photon Cannon  
  74  14:21  Photon Cannon  
  74  14:35  Probe  
  60  14:47  Probe  
  55  14:59  Probe  
  55  15:04  Photon Cannon  
  53  15:11  Probe  
  49  15:27  Mothership  
  58  15:30  Carrier x2  
  58  15:32  Carrier  
  69  15:38  Probe  
  70  15:50  Probe  
  71  17:03  Nexus  
  52  17:46  Carrier  
  52  17:47  Carrier  
  64  18:23  Nexus  
Show
View Real Time Build Order
Export as new Build Order

SeeD Zerg - Winner!

Build Orders: Hatch First, Roach Hydra 

Get SALT Encoding   

  12  0:00  Drone  
  13  0:12  Overlord  
  13  0:16  Drone  
  14  0:30  Drone x2  
  16  0:49  Hatchery  
  15  0:52  Drone  
  15  0:55  Drone  
  17  0:59  Drone  
  18  1:09  Extractor  
  17  1:15  Spawning Pool  
  17  1:17  Drone  
  17  1:20  Drone  
  18  1:28  Drone  
  19  1:38  Drone  
  20  1:49  Overlord  
  20  2:02  Queen x2  
  20  2:03  Zergling x4  
  26  2:12  Metabolic Boost  
  26  2:14  Zergling x2  
  27  2:19  Zergling x2  
  28  2:28  Spine Crawler  
  29  2:37  Drone x3  
  31  2:50  Roach Warren  
  30  2:51  Drone  
  30  2:55  Overlord  
  31  2:59  Drone  
  31  3:02  Drone  
  33  3:08  Drone x2  
  33  3:12  Drone  
  36  3:15  Drone  
  36  3:16  Drone  
  38  3:24  Drone x3  
  38  3:25  Drone  
  42  3:29  Overlord  
  42  3:43  Roach  
  42  3:44  Overlord  
  42  3:47  Lair  
  44  4:01  Roach  
  44  4:02  Roach x3  
  51  4:03  Roach x2  
  51  4:07  Overlord  
  55  4:10  Extractor  
  55  4:12  Drone  
  55  4:13  Extractor  
  55  4:14  Drone  
  55  4:15  Drone  
  55  4:16  Drone  
  55  4:17  Drone  
  58  4:40  Roach x2  
  58  4:41  Roach x2  
  66  4:46  Overlord  
  66  4:47  Glial Reconstitution  
  66  4:55  Ravager  
  67  5:00  Extractor, Overlord  
  67  5:05  Ravager  
  67  5:12  Ravager  
  68  5:22  Roach x2  
  72  5:32  Roach  
  72  5:34  Overlord x3  
  72  5:35  Overlord  
  74  5:37  Drone  
  75  5:48  Roach x4  
  75  5:54  Zergling x4  
  74  5:58  Hatchery  
  74  6:01  Zergling x4  
  74  6:02  Ravager x3  
  78  6:08  Spore Crawler  
  78  6:09  Evolution Chamber  
  78  6:10  Evolution Chamber  
  75  6:11  Drone, Spore Crawler  
  75  6:13  Drone x2, Hydralisk Den  
  75  6:14  Drone  
  75  6:15  Drone x4  
  72  6:42  Drone x2  
  72  6:43  Drone  
  69  6:52  Hydralisk x2  
  69  6:53  Hydralisk  
  72  6:54  Zerg Missile Weapons Level 1  
  72  6:55  Zerg Ground Armor Level 1  
  72  6:56  Drone x2  
  72  6:57  Drone  
  72  6:59  Grooved Spines  
  75  7:06  Hydralisk  
  77  7:10  Hydralisk  
  77  7:11  Queen  
  81  7:21  Overlord x2  
  81  7:30  Overlord  
  81  7:31  Overlord x2  
  81  7:36  Drone  
  76  7:37  Hydralisk  
  76  7:38  Hydralisk  
  76  7:40  Hydralisk  
  76  7:43  Hydralisk  
  82  7:47  Spore Crawler  
  83  7:53  Hydralisk x2  
  87  7:59  Hydralisk x2  
  87  8:02  Hydralisk  
  87  8:05  Hydralisk  
  87  8:09  Hydralisk  
  87  8:10  Muscular Augments  
  87  8:15  Drone  
  87  8:18  Drone  
  87  8:19  Drone x2, Overlord  
  91  8:22  Hydralisk  
  93  8:29  Hydralisk x2  
  93  8:34  Hydralisk  
  97  8:40  Overlord x2  
  99  8:45  Hydralisk  
  99  8:48  Hydralisk  
  101  8:50  Hydralisk  
  101  8:52  Hydralisk  
  101  8:54  Hydralisk  
  109  8:57  Hydralisk  
  109  9:00  Hydralisk  
  113  9:06  Hydralisk  
  113  9:07  Hydralisk  
  115  9:18  Hydralisk x3  
  115  9:19  Hydralisk  
  115  9:22  Zergling x6  
  115  9:23  Zergling x4  
  126  9:25  Hydralisk  
  114  9:31  Hydralisk  
  114  9:33  Hydralisk  
  114  9:37  Hydralisk  
  108  9:43  Hydralisk  
  104  9:47  Hydralisk  
  104  9:52  Hydralisk  
  100  10:00  Hydralisk  
  100  10:03  Hydralisk  
  100  10:06  Hydralisk  
  101  10:09  Hydralisk  
  101  10:11  Zergling x2  
  101  10:12  Zergling x10  
  107  10:16  Hydralisk  
  107  10:26  Infestation Pit  
  107  10:27  Zergling x10  
  107  10:28  Zergling x2  
  112  10:31  Extractor  
  112  10:32  Extractor  
  112  10:34  Hydralisk  
  112  10:39  Hydralisk  
  112  10:40  Hydralisk  
  114  10:43  Hydralisk  
  114  10:48  Hydralisk  
  118  10:51  Zergling x2  
  119  10:59  Hydralisk x2  
  119  11:02  Hydralisk  
  119  11:06  Zergling x8  
  119  11:09  Zergling x4  
  119  11:10  Hydralisk  
  126  11:15  Drone  
  126  11:18  Drone  
  109  11:31  Zergling x6  
  97  11:41  Zergling x2  
  97  11:42  Zergling x10  
  97  11:44  Hive  
  97  11:45  Zergling x2  
  100  11:48  Zergling x6  
  100  11:49  Zergling x2  
  100  11:53  Hydralisk  
  100  11:59  Hydralisk x2  
  100  12:00  Hatchery, Hydralisk  
  94  12:12  Hydralisk x3  
  92  12:16  Hydralisk  
  92  12:17  Hydralisk x2  
  92  12:18  Hydralisk, Zergling x4  
  92  12:21  Zergling x6  
  92  12:22  Zergling x2  
  99  12:23  Zergling x2  
  99  12:27  Zergling x2  
  91  12:34  Pathogen Glands  
  91  12:35  Zerg Ground Armor Level 2  
  90  12:40  Zergling x4  
  90  12:41  Zergling x2  
  93  12:45  Zergling x4  
  93  12:47  Zergling x2  
  96  13:02  Hydralisk x2  
  96  13:03  Hydralisk x2  
  104  13:07  Hydralisk  
  104  13:08  Hydralisk  
  104  13:11  Zergling x2  
  109  13:15  Zergling x4  
  109  13:16  Zergling x2  
  109  13:18  Zergling x2  
  106  13:28  Hydralisk x2  
  106  13:29  Hydralisk  
  106  13:30  Neural Parasite  
  106  13:32  Hydralisk  
  91  13:45  Hydralisk x4  
  96  13:53  Hydralisk x2  
  98  13:58  Hydralisk x2  
  98  14:01  Drone  
  98  14:02  Drone  
  102  14:04  Drone  
  102  14:05  Drone  
  102  14:06  Drone  
  105  14:13  Adrenal Glands  
  105  14:15  Zergling x2  
  105  14:16  Zergling x2  
  107  14:29  Hydralisk x4  
  115  14:31  Hydralisk  
  97  14:53  Zergling x20  
  97  14:54  Zergling x8  
  97  14:57  Zergling x4  
  97  14:58  Hydralisk  
  110  15:01  Hydralisk  
  110  15:03  Zergling x2  
  111  15:08  Zergling x6  
  111  15:09  Zergling x2  
  115  15:15  Zergling x4  
  115  15:16  Zergling x6  
  120  15:22  Hydralisk x2  
  123  15:28  Queen  
  125  15:37  Burrow  
  125  15:55  Hatchery  
  114  15:59  Hydralisk x2  
  114  16:00  Hydralisk x5  
  101  16:12  Infestor x3  
  101  16:14  Zergling x6  
  101  16:16  Zergling x2  
  101  16:17  Zergling x2  
  98  16:25  Hydralisk x3  
  100  16:35  Hydralisk x2  
  100  16:36  Hydralisk x2  
  100  16:39  Hydralisk  
  102  16:41  Hydralisk  
  102  16:45  Zergling x4  
  106  16:48  Zergling x4  
  106  16:49  Zergling x2  
  106  16:51  Zergling x2  
  106  16:53  Zerg Missile Weapons Level 2  
  110  16:56  Zergling x2  
  83  17:44  Zergling x4  
  83  17:45  Zergling x6  
  83  17:47  Hydralisk x2  
  83  17:48  Hydralisk x3  
  94  17:52  Zergling x8  
  94  17:53  Zergling x6  
  94  17:58  Zergling x8  
  103  17:59  Zergling x2  
  103  18:03  Zergling x6  
  103  18:04  Zergling x2  
  103  18:05  Zergling x4  
  112  18:07  Zergling x2  
  112  18:10  Zergling x4  
  115  18:15  Hydralisk x2  
  115  18:18  Hydralisk  
  121  18:21  Hydralisk  
  121  18:22  Hydralisk x2  
  121  18:24  Infestor x2  
  121  18:25  Infestor  
  127  18:28  Zergling x2  
  127  18:29  Infestor x3, Zergling x2  
  127  18:31  Zergling x6  
  127  18:32  Zergling x4  
  134  18:39  Zergling x6  
  134  18:40  Zergling x6  
  134  18:41  Zergling x6  
  143  18:43  Infestor x3  
Show
View Real Time Build Order
Export as new Build Order

KaltenCPN Terran - Winner!

Build Orders: Gas First Reaper Expand 

Get SALT Encoding   

  12  0:00  SCV  
  13  0:13  SCV  
  14  0:20  Supply Depot  
  14  0:25  SCV  
  15  0:31  Refinery  
  15  0:42  SCV  
  16  0:46  Barracks  
  16  0:55  SCV  
  17  0:59  Refinery  
  17  1:07  SCV  
  18  1:19  SCV  
  19  1:35  Reaper  
  20  2:03  Command Center  
  20  2:06  Orbital Command  
  20  2:07  Marine  
  21  2:29  Marine  
  22  2:40  SCV  
  23  2:59  Supply Depot  
  23  3:01  Marine  
  23  3:15  SCV  
  23  3:19  Marine  
  25  3:20  Factory  
  25  3:27  SCV  
  26  3:39  SCV  
  27  3:43  Marine  
  27  3:48  SCV  
  28  3:51  SCV  
  28  4:00  SCV  
  28  4:01  Marine  
  28  4:02  Factory  
  30  4:03  SCV, Supply Depot  
  30  4:07  Factory Tech Lab  
  30  4:12  SCV  
  30  4:15  SCV  
  32  4:23  Barracks Tech Lab  
  31  4:24  SCV  
  32  4:34  SCV  
  32  4:36  SCV  
  32  4:37  Starport  
  32  4:38  Siege Tank  
  37  4:41  Marine  
  38  4:46  SCV  
  38  4:48  Factory Tech Lab, SCV  
  40  4:59  Barracks, Marine  
  41  5:00  SCV  
  41  5:01  Barracks  
  41  5:06  Refinery  
  41  5:12  SCV  
  42  5:14  Siege Tank  
  42  5:17  Marine  
  46  5:23  Starport Reactor  
  46  5:24  SCV  
  46  5:25  SCV  
  48  5:34  Combat Shield  
  48  5:35  Marine  
  49  5:37  SCV  
  49  5:41  Siege Tank  
  53  5:45  Supply Depot  
  53  5:49  SCV  
  54  6:00  Marine  
  54  6:06  Marine x2  
  56  6:13  Siege Tank  
  56  6:18  Marine  
  56  6:21  Siege Tank  
  56  6:23  Medivac  
  62  6:28  Supply Depot  
  62  6:35  Marine  
  62  6:47  Siege Tank  
  62  6:50  SCV, Marine x2, Medivac  
  62  6:53  Supply Depot, Marine, Medivac, Stimpack  
  62  6:54  Supply Depot  
  70  7:11  SCV, Marine x2  
  70  7:12  Supply Depot  
  70  7:15  Refinery, SCV, Marine  
  72  7:19  Siege Tank  
  75  7:27  SCV, Viking  
  75  7:28  Viking  
  75  7:29  Marine x2  
  80  7:33  Marine  
  80  7:34  Starport  
  80  7:39  SCV  
  78  7:47  Marine x2  
  78  7:50  Marine  
  81  7:57  Viking  
  83  7:58  Starport  
  83  8:03  Viking  
  83  8:04  Marine x2  
  87  8:08  Marine  
  87  8:11  Viking  
  90  8:15  Supply Depot  
  90  8:21  Supply Depot  
  90  8:22  Marine x2  
  90  8:23  SCV  
  90  8:26  Marine  
  92  8:35  SCV  
  92  8:36  Siege Tank  
  92  8:40  Marine x2  
  92  8:41  Viking  
  100  8:44  Marine  
  101  8:57  Widow Mine  
  101  8:58  Marine x2  
  101  9:02  Marine, Supply Depot  
  106  9:03  Supply Depot  
  106  9:11  Viking  
  106  9:16  Marine x2  
  108  9:19  Marine  
  87  9:33  Marine x2  
  84  9:43  Siege Tank  
  81  9:48  Supply Depot  
  81  9:51  Marine x2  
  83  9:56  SCV  
  84  10:02  Starport  
  83  10:08  SCV  
  83  10:09  Marine x2  
  86  10:16  Siege Tank  
  86  10:19  Viking  
  86  10:20  SCV, Viking  
  94  10:27  Marine x2  
  94  10:29  Viking  
  94  10:30  Marine  
  94  10:36  Supply Depot  
  94  10:45  Marine x2  
  94  10:47  Marine  
  94  10:48  Siege Tank  
  95  10:56  Siege Tank  
  97  10:59  Viking  
  97  11:03  Marine x2  
  97  11:05  Marine  
  91  11:20  Marine x2, Siege Tank  
  91  11:23  Marine  
  94  11:28  Viking, Siege Tank  
  94  11:29  Viking  
  101  11:34  Armory  
  101  11:38  Marine x2  
  101  11:39  Viking  
  101  11:41  Marine  
  99  11:52  Siege Tank  
  101  11:56  Marine x2  
  101  11:58  Viking  
  101  11:59  Marine, Viking  
  100  12:14  Marine x2, Viking  
  101  12:16  Viking  
  101  12:17  Marine  
  104  12:29  Viking  
  104  12:32  Marine x2  
  103  12:38  Viking  
  105  12:44  Viking  
  105  12:49  Marine  
  106  12:54  Marine x2  
  108  12:59  SCV, Viking  
  108  13:02  SCV  
  112  13:07  Marine  
  113  13:15  SCV  
  114  13:25  Marine  
  113  13:29  Viking  
  109  13:44  Marine x2, Siege Tank  
  109  13:45  Marine  
  109  13:47  Starport Reactor  
  104  13:58  Viking  
  104  14:02  Marine x2  
  102  14:03  Marine  
  102  14:04  SCV  
  102  14:14  Barracks  
  102  14:20  Marine x2  
  102  14:21  Marine  
  105  14:28  Viking  
  107  14:37  Marine  
  107  14:38  Marine x2  
  109  14:39  Viking  
  112  14:55  Marine  
  112  14:56  Marine x2  
  112  14:58  Viking  
  117  15:10  Command Center  
  117  15:13  SCV, Marine x2  
  120  15:31  Marine x2  
  122  15:42  Marine, Viking  
  114  16:00  Marine  
  87  16:43  Viking  
  87  16:44  Marine x2  
  87  16:46  Viking  
  81  16:48  Marine  
  82  16:55  Marine  
  82  16:59  Hellion  
  82  17:00  Hellion  
  87  17:01  Marine  
  87  17:02  Marine  
  87  17:03  Viking  
  87  17:05  Marine  
  90  17:13  Marine, Viking  
  92  17:19  Marine  
  92  17:20  Terran Vehicle And Ship Armor Level 1, Marine  
  92  17:21  Hellion  
  92  17:22  SCV  
  97  17:23  Marine  
  97  17:25  Refinery  
  97  17:28  Refinery  
  98  17:34  SCV  
  99  17:37  Marine x2  
  99  17:40  Viking  
  99  17:41  Viking  
  99  17:42  Viking  
  99  17:43  Viking  
  104  17:46  SCV  
  104  17:49  Starport, SCV  
  106  17:55  Marine  
  107  17:59  Marine  
  107  18:00  Marine  
  107  18:01  SCV  
  107  18:05  Viking  
  110  18:10  Viking  
  111  18:13  Marine  
  111  18:17  Marine  
  112  18:26  Marine  
  113  18:30  Viking  
  113  18:31  Marine, Engineering Bay  
  116  18:35  Marine  
  115  18:49  Marine  
  115  18:52  Siege Tank x2  
  115  18:54  Marine, Viking  
  125  18:55  Marine  
  126  19:04  SCV  
  126  19:07  Marine  
  128  19:16  SCV  
Tags
 
Add a new tag
Caveats
  • Supply blocks, unpowered buildings, or Contaminate may cause inaccurate times.
  • Supply counts are checked every 10 seconds.